 Dungeon Crawl Stone Soup version 0.17-a0-1393-gcb420ff (webtiles) character file.

0 ololoev the Grasshopper (level 1, 0/16 HPs)
             Began as a Vampire Warper on June 16, 2015.
             Slain by a giant gecko (1 damage)
             ... on level 1 of the Dungeon.
             The game lasted 00:00:43 (53 turns).

ololoev the Grasshopper (Vampire Warper)              Turns: 53, Time: 00:00:44

Health: 0/16       AC:  3    Str: 10    XL:     1   Next: 8%
Magic:  3/3        EV: 12    Int: 15    God:
Gold:   0          SH:  0    Dex: 13    Spells: 1 memorised, 3 levels left

rFire  . . .     SeeInvis +     a - +0 falchion
rCold  . . .     Clarity  .     b - +0 leather armour
rNeg   + . .     SustAt   .     (no shield)
rPois  .         Gourm    .     (no helmet)
rElec  .         Spirit   .     (no cloak)
rCorr  .         Warding  .     (no gloves)
rMut   .         Stasis   .     (no boots)
MR     .....                    (no amulet)
Stlth  +.........               (no ring)
                                (no ring)

@: not resistant to hostile enchantments, very unstealthy
A: fangs 3, see invisible, unbreathing
a: no special abilities


Innate Abilities, Weirdness & Mutations

You have razor-sharp teeth.
You have supernaturally acute eyesight.
You can survive without breathing.

Inventory:

Hand weapons
 a - a +0 falchion (weapon)
Missiles
 e - 5 tomahawks of dispersal (quivered)
Armour
 b - a +0 leather armour (worn)
Scrolls
 d - a scroll of blinking
Potions
 f - a potion of blood
Books
 c - a book of Spatial Translocations

   Spells                             Type                      Level
   a - Apportation                    Translocation                1
   b - Blink                          Translocation                2
   c - Shroud of Golubria             Charms/Translocation         2
   d - Portal Projectile              Translocation                3
   e - Teleport Other                 Translocation                3
   f - Passage of Golubria            Translocation                4


   Skills:
 - Level 1.7 Fighting
 * Level 2.0 Long Blades
 - Level 0.7 Throwing
 + Level 0.7 Armour
 - Level 2.1 Dodging
 - Level 2.0 Spellcasting
 - Level 2.4 Translocations


You had 3 spell levels left.
You knew the following spells:

 Your Spells              Type           Power        Failure   Level  Hunger
a - Apportation           Tloc           #.........   14%         1    #......


You were on level 1 of the Dungeon.
You were not thirsty.

You visited 1 branch of the dungeon, and saw 1 of its levels.

. ### #.# #.. #.#
##.## #.# #.# .J.
.#.# #.# #l# .#.# #
#.# # #@##.#.# #.#.#
#.##)...#.# #.#.#
#.......#.# #....
####..#.#.#########.#
#..#.#.#..........
#..#.#.#.#########
#....#...#########
#..#.[.)...((....#
#.##.###########.#

Notes
Turn   | Place    | Note
--------------------------------------------------------------
     0 | D:1      | ololoev the Vampire Warper began the quest for the Orb.
     0 | D:1      | Reached XP level 1. HP: 16/16 MP: 3/3
    53 | D:1      | Slain by a giant gecko

Dungeon Overview and Level Annotations

Branches:
Dungeon (1/15)

Altars:


Message History

No target in view!
You see here a leather armour.
Found a club.
A giant gecko and an ooze come into view.
There are monsters nearby!
There are monsters nearby!
The ooze quivers.
You see here a club.
The giant gecko hisses menacingly.
The giant gecko barely misses you.
The ooze jiggles.
You barely miss the giant gecko. The giant gecko bites you.
The giant gecko bites you.
You barely miss the giant gecko. The giant gecko bites you.
You closely miss the giant gecko. The giant gecko barely misses you.
The giant gecko bites you.
You are too injured to fight recklessly!
You are too injured to fight recklessly!
You are too injured to fight recklessly!
You are too injured to fight recklessly!
You are too injured to fight recklessly!
You are too injured to fight recklessly!
You are too injured to fight recklessly!
You are too injured to fight recklessly!
You are too injured to fight recklessly!
You are too injured to fight recklessly!
You are too injured to fight recklessly!
You are too injured to fight recklessly!
You are too injured to fight recklessly!
You are too injured to fight recklessly!
You are too injured to fight recklessly!
You are too injured to fight recklessly!
You are too injured to fight recklessly!
You are too injured to fight recklessly!
You are too injured to fight recklessly!
You are too injured to fight recklessly!
You closely miss the giant gecko. The giant gecko closely misses you.
You closely miss the giant gecko. The giant gecko bites you.
You barely miss the giant gecko. The giant gecko bites you.
You die...

You could see an ooze and a giant gecko.

Vanquished Creatures
  A kobold (D:1)
1 creature vanquished.

Action                   || total
-------------------------++-------
Melee: Falchion          ||     8

Vault maps used:
D:1:      saegor_arrival_miasma
